 Dungeon Crawl Stone Soup version 0.26.0-16-gc1dbca0489 (webtiles) character file.

Game seed: 16941043494709789120

31257 shakesphere1979 the Fighter (level 13, 0/71 HPs)
             Began as a Gargoyle Fighter on Jan 17, 2021.
             Was the Champion of Okawaru.
             Killed by divine providence
             ... invoked by a smoke demon
              (13 damage)
             ... on level 1 of the Abyss.
             The game lasted 01:01:06 (15018 turns).

shakesphere1979 the Fighter (Gargoyle Fighter)     Turns: 15018, Time: 01:01:07

Health: 0/71       AC: 27    Str: 33    XL:     13   Next: 57%
Magic:  19/19      EV: 10    Int: 12    God:    Okawaru [******]
Gold:   1417       SH: 20    Dex: 12    Spells: 12/12 levels left

rFire    + . .     SeeInvis .   D - +7 flail "Gaomeb" {speed, rPois Dex+2}
rCold    . . .     Faith    .   N - +0 tower shield of Complete Protection {Str+9 Int+3}
rNeg     + . .     Spirit   .   I - +1 acid dragon scales
rPois    ∞         Reflect  .   z - +0 helmet
rElec    +         Harm     .   j - scarf {repulsion}
rCorr    +         Rampage  .   P - +0 pair of gloves
Will     .....     Rnd*Rage +   O - +0 pair of boots
Stlth    ++........             (no amulet)
HPRegen  0.21/turn              W - ring of protection from fire
MPRegen  0.16/turn              c - +4 ring of protection

@: about to teleport, repel missiles
A: [berserk 1], [blurry vision 1], [frail 2], negative energy resistance 1,
[screaming 2], electricity resistance, unbreathing, petrification resistance,
miasma immunity, [subdued magic 3], AC +9
a: Renounce Religion, Heroism, Finesse


You were on level 1 of the Abyss.
You worshipped Okawaru.
Okawaru was exalted by your worship.
You visited 3 branches of the dungeon, and saw 15 of its levels.
You visited the Abyss 1 time.

You collected 1417 gold pieces.

Inventory:

Hand Weapons
 b - a +0 hunting sling
 y - the +2 arbalest of Departure {venom, rPois, unknown}
   (Okawaru gifted it to you on level 1 of the Abyss)

   It poisons the ammo it fires.
   It protects you from poison.
 D - the +7 flail "Gaomeb" (weapon) {speed, rPois Dex+2}
   (You found it on level 5 of the Dungeon)

   Attacks with this weapon are significantly faster.
   It affects your dexterity (+2).
   It protects you from poison.
 F - a +0 dagger of venom
Missiles
 g - 4 atropa-tipped darts
 o - 10 javelins
 A - 25 poisoned darts (quivered)
 M - 2 silver javelins
Armour
 j - a scarf of repulsion (worn)
 z - a +0 helmet (worn)
 I - +1 acid dragon scales (worn)
 N - the +0 tower shield of Complete Protection (worn) {Str+9 Int+3}
   (You found it on level 9 of the Dungeon)

   It affects your strength (+9).
   It affects your intelligence (+3).
 O - a +0 pair of boots (worn)
 P - a +0 pair of gloves (worn)
Jewellery
 c - a +4 ring of protection (right hand)
 q - an uncursed ring of willpower {unknown}
 w - an uncursed ring of protection from cold
 x - an uncursed amulet of regeneration {unknown}
 W - a ring of protection from fire (left hand)
Wands
 n - a wand of digging (7)
 u - a wand of polymorph (6)
 v - a wand of flame (48)
 C - a wand of paralysis (22)
 G - a wand of acid (20)
 H - a wand of disintegration (8)
Scrolls
 f - 6 scrolls of identify
 i - 8 scrolls of remove curse
 k - 2 scrolls of immolation
 l - 4 scrolls of teleportation
 r - a scroll of magic mapping
 B - 2 scrolls of enchant weapon {unknown}
 K - 2 scrolls of fog {unknown}
 R - 3 scrolls of random uselessness {unknown}
 T - 2 scrolls of amnesia {unknown}
 V - a scroll of blinking
 X - a scroll of brand weapon {unknown}
Potions
 a - 2 potions of lignification {unknown}
 d - 4 potions of might
 e - 10 potions of curing
 h - a potion of haste {unknown}
 m - a potion of berserk rage {unknown}
 p - 2 potions of resistance
 s - a potion of brilliance
 t - 5 potions of heal wounds
 E - 2 potions of flight {unknown}
 J - a potion of magic {unknown}
 L - 2 potions of attraction


   Skills:
 + Level 13.8 Fighting
 - Level 8.0 Maces & Flails
 - Level 5.0 Throwing
 - Level 9.0 Armour
 - Level 3.0 Dodging
 - Level 4.0 Stealth
 + Level 11.0 Shields
 - Level 9.0 Invocations
 - Level 5.0 Evocations


You had 12 spell levels left.
You didn't know any spells.
Your spell library contained the following spells:

 Spells                   Type           Power        Failure   Level
 Beastly Appendage        Tmut           0%           87%         1
 Corona                   Hex            0%           87%         1
 Magic Dart               Conj           0%           87%         1
 Summon Small Mammal      Summ           0%           87%         1
 Blink                    Tloc           N/A          95%         2
 Call Imp                 Summ           0%           95%         2
 Ensorcelled Hibernation  Hex/Ice        0%           95%         2
 Slow                     Hex            0%           95%         2
 Wereblood                Tmut           0%           95%         2
 Call Canine Familiar     Summ           0%           99%         3
 Confusing Touch          Hex            0%           99%         3
 Conjure Flame            Conj/Fire      0%           99%         3
 Dazzling Flash           Conj/Hex       0%           99%         3
 Mephitic Cloud           Conj/Pois/Air  0%           99%         3
 Spider Form              Tmut/Pois      0%           99%         3
 Summon Guardian Golem    Hex/Summ       0%           99%         3
 Tukima's Dance           Hex            0%           99%         3
 Ice Form                 Ice/Tmut       0%           100%        4
 Summon Ice Beast         Ice/Summ       0%           100%        4
 Summon Lightning Spire   Summ/Air       0%           100%        4
 Blade Hands              Tmut           0%           100%        5


Dungeon Overview and Level Annotations

Branches:
Dungeon (11/15)            Temple (1/1) D:6            Lair (3/6) D:8
    Orc (0/2) D:11
  Swamp: Lair:2-4    Shoals: Lair:2-4     Snake: Lair:2-4    Spider: Lair:2-4

Altars:
Ashenzari
Cheibriados
Dithmenos
Elyvilon
Fedhas
Gozag
Hepliaklqana
Kikubaaqudgha
Makhleb
Nemelex Xobeh
Okawaru
Qazlal
Ru
Sif Muna
Uskayaw
Vehumet
Wu Jian
Xom
Yredelemnul
Zin
The Shining One

Shops:
D:11 ([

Annotations:
D:4 3 runed translucent doors, Firecrotchwizard's ghost, amateur DsIE
Lair:2 exclusion: oklob plant
Lair:3 Sonja
Abyss:1 3 runed translucent doors


Innate Abilities, Weirdness & Mutations

You are resistant to torment.
Your stone body is resilient. (AC +9)
You are immune to poison.
You resist negative energy. (rN+)
You are resistant to electric shocks. (rElec)
You can survive without breathing.
You are immune to petrification.
You are immune to miasma.
[You tend to lose your temper in combat.]
[Scrolls take you a little longer to read.]
[You are very frail. (-20% HP)]
[You sometimes yell uncontrollably at your foes.]
[Your spells are much easier to cast, but much less powerful.]


Message History

You sock the smoke demon!
The smoke demon is severely wounded.
The smoke demon gestures at you. The ball of steam hits you. You resist.
The smoke demon gestures at you. Something smites you!
* * * LOW HITPOINT WARNING * * *
Really read with blurry vision while enemies are nearby?
You block the smoke demon's attack.
The smoke demon hits you but does no damage.
You block the smoke demon's attack.
You begin reading the scroll.
You continue reading the scroll.
As you read the scroll of teleportation, it crumbles to dust.
You feel strangely unstable.
You feel the power of the Abyss delaying your translocation!
You hit the smoke demon.
The smoke demon is severely wounded.
The smoke demon gestures at you. Something smites you!
You die...

. . ####
#3@# #3## #
#. #.# # .
#. #3###
.....###...#
......3####
..#..##.###
..........#
#
##.#.###.###


You could see 4 smoke demons.

Vanquished Creatures
  7 hydras
  A two-headed ogre (D:10)
  A queen ant (Lair:2)
  A thrashing horror (Abyss:1)
  2 wretched stars (Abyss:1)
  A sixfirhy (Abyss:1)
  3 ugly things
  3 elephants (Lair:2)
  An orange demon (Abyss:1)
  Joseph (D:8)
  6 komodo dragons
  6 cane toads
  Maggie (D:8)
  2 rime drakes
  A troll (D:11)
  6 polar bears
  A fire dragon zombie (Abyss:1)
  3 raiju (Abyss:1)
  6 blink frogs
  2 fire bats (Abyss:1)
  2 wraiths
  A large abomination (Abyss:1)
  2 wyverns
  9 yaks
  Eustachio (D:5)
  A basilisk (Lair:2)
  A steam dragon (D:11)
  A chaos spawn (Abyss:1)
  20 soldier ants (Lair:2)
  2 water moccasins (Lair:1)
  13 black bears
  3 sky beasts
  7 orc warriors
  A cane toad skeleton (Abyss:1)
  2 small abominations (Abyss:1)
  3 ogres
  3 phantoms
  3 centaurs
  3 wolves (Lair:2)
  3 big kobolds
  Blork the orc (D:6)
  12 bullfrogs
  A wyvern skeleton (D:10)
  4 scorpions
  13 wights
  3 bullfrog zombies
  6 hounds
  3 quasits
  An iron imp (Abyss:1)
  5 orc priests
  3 bullfrog skeletons (D:4)
  6 jellies
  14 orc wizards
  A centaur skeleton (D:10)
  Jessica (D:3)
  29 worker ants
  An iguana (D:7)
  Ijyb (D:3)
  2 hound zombies (D:6)
  2 hound skeletons
  3 worker ant zombies
  Robin (D:3)
  A howler monkey skeleton (D:6)
  3 gnolls (D:6)
  13 adders
  A shadow imp (D:10)
  3 white imps
  5 ufetubi
  An ooze (D:2)
  4 worms
  2 dart slugs
  2 leopard geckos
  47 orcs
  A ball python (D:3)
  4 bats (D:1)
  7 giant cockroaches
  24 goblins
  10 hobgoblins
  3 jackals (D:5)
  28 kobolds
  8 quokkas
  A frilled lizard (D:5)
  3 jackal zombies
  A leopard gecko skeleton (D:4)
  9 rats
430 creatures vanquished.

Vanquished Creatures (others)
  An orc (D:11)
  19 fungi
  A lurking horror (Abyss:1)
  23 plants
  5 starspawn tentacles (Abyss:1)
49 creatures vanquished.

Grand Total: 479 creatures vanquished

Notes
Turn   | Place    | Note
-------+----------+-------------------------------------------
     0 | D:1      | shakesphere1979 the Gargoyle Fighter began the quest for
                  | the Orb.
     0 | D:1      | Reached XP level 1. HP: 14/14 MP: 1/1
   128 | D:1      | Reached XP level 2. HP: 19/19 MP: 2/2
   393 | D:1      | Reached skill level 1 in Stealth
   628 | D:2      | Reached XP level 3. HP: 23/23 MP: 3/3
  1217 | D:2      | Reached XP level 4. HP: 29/29 MP: 4/4
  1557 | D:3      | Noticed Jessica
  1565 | D:3      | Killed Jessica
  1566 | D:3      | Reached skill level 4 in Fighting
  1805 | D:3      | Reached XP level 5. HP: 33/33 MP: 5/5
  1914 | D:3      | Noticed Ijyb
  1930 | D:3      | Killed Ijyb
  2642 | D:3      | Noticed Robin
  2676 | D:3      | Killed Robin
  2677 | D:3      | Reached XP level 6. HP: 31/39 MP: 6/6
  3291 | D:4      | Reached skill level 5 in Armour
  3291 | D:4      | Reached skill level 5 in Shields
  3379 | D:4      | Reached skill level 5 in Fighting
  3379 | D:4      | Reached XP level 7. HP: 42/44 MP: 7/7
  3395 | D:4      | Found a snail-covered altar of Cheibriados.
  3463 | D:4      | You fall into a shaft and drop 1 floor!
  3463 | D:5      | Entered Level 5 of the Dungeon
  3548 | D:5      | Found a shadowy altar of Dithmenos.
  3819 | D:4      | Found a sacrificial altar of Ru.
  4229 | D:4      | Reached skill level 6 in Fighting
  4229 | D:4      | Reached XP level 8. HP: 47/51 MP: 8/8
  4569 | D:4      | Noticed Firecrotchwizard's ghost (amateur DsIE)
  4588 | D:4      | Found a runed translucent gate.
  4588 | D:4      | Found a runed translucent gate.
  4588 | D:4      | Found a runed translucent gate.
  5028 | D:5      | Noticed Eustachio
  5101 | D:5      | Killed Eustachio
  5102 | D:5      | Reached skill level 7 in Fighting
  5199 | D:5      | Found a shimmering altar of Xom.
  5377 | D:5      | Got a bloodstained flail
  5380 | D:5      | Identified the +7 flail "Gaomeb" {speed, rPois Dex+2} (You
                  | found it on level 5 of the Dungeon)
  5533 | D:6      | Reached skill level 8 in Fighting
  5643 | D:6      | Found a staircase to the Ecumenical Temple.
  5675 | Temple   | Entered the Ecumenical Temple
  5783 | Temple   | Became a worshipper of Warmaster Okawaru
  5834 | D:6      | Reached skill level 1 in Evocations
  5837 | D:6      | Noticed Blork the orc
  5875 | D:6      | Killed Blork the orc
  5904 | D:6      | Got an ichor-stained leather armour
  5913 | D:6      | Identified the +3 leather armour "Jaimac" {rElec rC- rN+++
                  | Stlth-} (You found it on level 6 of the Dungeon)
  6028 | D:6      | Reached * piety under Okawaru
  6205 | D:6      | Reached XP level 9. HP: 57/60 MP: 9/9
  6658 | D:7      | Reached skill level 9 in Fighting
  6747 | D:7      | Noticed a red ugly thing
  6765 | D:7      | Killed a red ugly thing
  6765 | D:7      | Reached ** piety under Okawaru
  6974 | D:7      | Reached skill level 5 in Maces & Flails
  7136 | D:8      | Reached skill level 10 in Fighting
  7173 | D:8      | Reached skill level 5 in Evocations
  7173 | D:8      | Found a hide-covered altar of Uskayaw.
  7211 | D:8      | Found a glowing golden altar of the Shining One.
  7211 | D:8      | Found a shimmering altar of Xom.
  7229 | D:8      | Found a shimmering blue altar of Sif Muna.
  7288 | D:8      | Reached XP level 10. HP: 68/68 MP: 10/10
  7342 | D:8      | Noticed Maggie
  7371 | D:8      | Killed Maggie
  7371 | D:8      | Reached *** piety under Okawaru
  7372 | D:8      | Reached skill level 11 in Fighting
  7506 | D:8      | Reached skill level 1 in Invocations
  7550 | D:8      | Reached skill level 1 in Dodging
  7638 | D:8      | Noticed Joseph
  7672 | D:8      | Killed Joseph
  7949 | D:8      | Found a staircase to the Lair.
  8311 | D:9      | Got an ancient tower shield
  8345 | D:8      | Identified the cursed +0 tower shield of Complete
                  | Protection {Str+9 Int+3} (You found it on level 9 of the
                  | Dungeon)
  9033 | D:10     | Entered Level 10 of the Dungeon
  9187 | D:10     | Reached **** piety under Okawaru
  9472 | D:10     | Noticed a two-headed ogre
  9498 | D:10     | Killed a two-headed ogre
  9499 | D:10     | Reached XP level 11. HP: 65/74 MP: 14/14
  9685 | D:10     | Reached skill level 5 in Invocations
  9711 | D:10     | Reached ***** piety under Okawaru
  9957 | D:11     | Noticed a four-headed hydra
  9976 | D:11     | Killed a four-headed hydra
 10092 | D:11     | Received a gift from Okawaru
 10193 | D:11     | Received a gift from Okawaru
 10419 | D:11     | Noticed a green ugly thing
 10431 | D:11     | Killed a green ugly thing
 10541 | D:11     | Reached skill level 1 in Throwing
 10548 | D:11     | Found a staircase to the Orcish Mines.
 10548 | D:11     | Found Fobusa Fupo's Armour Boutique.
 10548 | D:11     | Found Mekeiler's Weapon Boutique.
 10999 | Lair:1   | Entered Level 1 of the Lair of Beasts
 11354 | Lair:1   | Reached XP level 12. HP: 66/80 MP: 17/17
 12363 | Lair:2   | Received a gift from Okawaru
 12469 | Lair:2   | Noticed a four-headed hydra
 12488 | Lair:2   | Killed a four-headed hydra
 12612 | Lair:2   | Noticed a seven-headed hydra
 12622 | Lair:2   | Killed a seven-headed hydra
 12787 | Lair:2   | Reached ****** piety under Okawaru
 12826 | Lair:2   | Reached skill level 12 in Fighting
 12910 | Lair:2   | Noticed a queen ant
 12916 | Lair:2   | Received a gift from Okawaru
 12943 | Lair:2   | Killed a queen ant
 13017 | Lair:2   | Reached skill level 5 in Throwing
 13210 | Lair:2   | Noticed a four-headed hydra
 13213 | Lair:2   | Noticed a four-headed hydra
 13222 | Lair:2   | Killed a four-headed hydra
 13230 | Lair:2   | Killed a four-headed hydra
 13231 | Lair:2   | Reached XP level 13. HP: 62/87 MP: 19/19
 13663 | Lair:3   | Noticed Sonja
 13686 | Lair:3   | Reached skill level 13 in Fighting
 13844 | Lair:3   | Reached skill level 10 in Shields
 14132 | Lair:3   | Cast into level 1 of the Abyss (Sonja)
 14140 | Abyss:1  | Found a runed translucent gate.
 14148 | Abyss:1  | Found a runed translucent gate.
 14153 | Abyss:1  | Found a runed translucent gate.
 14205 | Abyss:1  | Received a gift from Okawaru
 14206 | Abyss:1  | Noticed a cacodemon
 14206 | Abyss:1  | Got a polished arbalest {god gift}
 14693 | Abyss:1  | Found a corrupted altar of Lugonu.
 14737 | Abyss:1  | Noticed a tentacled starspawn
 14745 | Abyss:1  | Noticed a starcursed mass
 14745 | Abyss:1  | Noticed a tentacled starspawn
 14750 | Abyss:1  | Paralysed by accursed screaming for 1 turns
 14759 | Abyss:1  | Paralysed by accursed screaming for 1 turns
 15018 | Abyss:1  | Killed from afar by a smoke demon

Illustrated notes

Levels and vault maps discovered:
D:1:      dpeg_arrival_arbitrary_b, layout_basic
D:2:      layout_basic
D:3:      layout_basic, serial_bayou_lagoon_a, kennysheep_big_empty_room,
          minmay_pentangle, uniq_robin, uniq_jessica, uniq_ijyb
D:4:      minmay_polygon_palace, layout_loops_corners, kennysheep_little_box,
          lemuel_round_altar, gammafunk_ghost_icy, minmay_misc_feat_tiny,
          grunt_ministairs_7, minivault_1
D:5:      layout_loops_ring, grunt_dithmenos_smoke_and_mirrors, tgw_xom,
          uniq_eustachio
D:6:      layout_basic, minmay_temple_entry_statues_fountains,
          uniq_blork_the_orc
D:7:      corexii_shack_village, layout_rooms, grunt_ministairs_1
D:8:      layout_loops_ring, nicolae_overflow_quartered_altars,
          grunt_lair_entry_orc_guard_hut, uniq_maggie, uniq_joseph
D:9:      layout_loops_ring, nicolae_overflow_hidden_temple
D:10:     layout_cave_pools, minmay_misc_feat_plants
D:11:     layout_loops_corners, orc_david_3
Temple:   nicolae_temple_great_sept
Lair:1:   beast_lair_carwin_large_3, layout_loops_ring
Lair:2:   layout_misc_corridors, minmay_lair_oklob_items, minivault_29
Lair:3:   layout_layer_cave, minivault_26, grunt_megastairs_4,
          infiniplex_staircase_pool, uniq_sonja
Abyss:1:  base:
D:4

Skill      XL: |  1  2  3  4  5  6  7  8  9 10 11 12 13 |
---------------+----------------------------------------+-----
Stealth        | 1 2 3 4 |  4.0
Armour         | 4 5 6 7 9 |  9.0
Shields        | 4 5 6 9 11 | 11.0
Fighting       | 4 5 6 8 10 11 12 13 | 13.8
Evocations     | 2 5 |  5.0
Maces & Flails | 3 5 6 8 |  8.0
Invocations    | 4 6 9 |  9.0
Dodging        | 3 |  3.0
Throwing       | 2 5 |  5.0

Action                   |  1- 3 |  4- 6 |  7- 9 | 10-12 | 13-15 || total
-------------------------+-------+-------+-------+-------+-------++-------
Melee: Flail             |   117 |   287 |   462 |   879 |   205 ||  1950
Throw: Dart              |       |       |       |       |     6 ||     6
Invok: Heroism           |       |       |     1 |     1 |       ||     2
       Finesse           |       |       |       |     1 |       ||     1
Evoke: Wand              |       |       |     3 |     2 |     2 ||     7
  Use: Scroll            |       |    10 |     4 |     6 |     3 ||    23
 Stab: Paralysed         |       |       |     4 |       |       ||     4
       Sleeping          |       |       |       |     2 |     2 ||     4
       Distracted        |       |       |       |     1 |       ||     1
Armor: Scale mail        |    92 |    37 |       |       |       ||   129
       Plate armour      |       |   124 |   312 |   153 |       ||   589
       Acid dragon scale |       |       |       |   166 |    74 ||   240
Dodge: Dodged            |    24 |    55 |    81 |   126 |    36 ||   322
       Repelled          |       |       |       |       |     3 ||     3
Block: Kite shield       |    77 |   152 |   299 |    43 |       ||   571
       Tower shield      |       |       |       |   498 |   181 ||   679
